 Dungeon Crawl Stone Soup version 0.13.0-9-gbc74161 (webtiles) character file.

89 Piginabag the Charmwright (level 3, -1/31 HPs)
             Began as a Naga Skald on Oct 17, 2013.
             Slain by a kobold
             ... wielding a +0,+0 short sword
              (4 damage)
             ... on Level 2 of the Dungeon.
             The game lasted 00:06:36 (1377 turns).

Piginabag the Charmwright (Naga Skald)              Turns: 1377, Time: 00:06:36

HP  -1/31        AC  2     Str 15      XL: 3   Next: 35%
MP   0/6         EV  9     Int 12      God:
Gold 54          SH  0     Dex 10      Spells:  3 memorised,  0 levels left

Res.Fire  : . . .   See Invis. : +   a - +0 spear {=f}
Res.Cold  : . . .   Warding    : .   b - +0 leather armour
Life Prot.: . . .   Conserve   : .   (no shield)
Res.Poison: +       Res.Corr.  : .   (no helmet)
Res.Elec. : .       Clarity    : .   (no cloak)
Sust.Abil.: . .     Spirit.Shd : .   (no gloves)
Res.Mut.  : .       Stasis     : .   (no barding)
Res.Rott. : .       Flight     : .   (no amulet)
Saprovore : . . .                    (no ring)
                                     (no ring)

@: very slightly contaminated, very slow, slightly resistant to hostile
enchantments, very unstealthy
A: spit poison, see invisible, deformed body, poison resistance, slowness 2, AC
+1
a: Spit Poison


You were on level 2 of the Dungeon.
You were not hungry.

You visited 1 branch of the dungeon, and saw 2 of its levels.

You collected 34 gold pieces.

Inventory:

Hand weapons
 a - a +0,+0 spear (weapon) {=f}
Armour
 b - a +0 leather armour (worn)
Comestibles
 o - a chunk of adder flesh
Scrolls
 e - 2 scrolls of identify {unknown}
 f - a scroll of curse jewellery {unknown}
 g - a scroll of enchant weapon I {unknown}
 h - a scroll of enchant weapon II {unknown}
 i - a scroll of teleportation {unknown}
 m - a scroll of amnesia {unknown}
Jewellery
 k - an uncursed amulet of rage {unknown}
 n - an uncursed ring of fire {unknown}
Potions
 d - a potion of resistance {unknown}
 j - 2 potions of slowing {unknown}
 l - a potion of invisibility {unknown}
Books
 c - a book of Battle

   Spells                             Type                      Level
   *Infusion                          Charms                       1
   *Shroud of Golubria                Charms/Translocation         2
   Song of Slaying                    Charms                       2
   *Spectral Weapon                   Hexes/Charms                 3
   Regeneration                       Charms/Necromancy            3
   Song of Shielding                  Charms                       4


   Skills:
 + Level 2.2 Fighting
 + Level 2.2 Polearms
 + Level 1.2 Armour
 + Level 1.0 Dodging
 + Level 2.2 Spellcasting
 + Level 3.3 Charms


You couldn't memorise any spells.
You knew the following spells:

 Your Spells              Type           Power        Failure   Level  Hunger
a - Infusion              Chrm           #.....       10%         1    ##.....
b - Shroud of Golubria    Chrm/Tloc      #.........   21%         2    ###....
c - Spectral Weapon       Hex/Chrm       #.......     43%         3    ####...


Dungeon Overview and Level Annotations

Branches:
Dungeon (2/27)

Altars:


Innate Abilities, Weirdness & Mutations

You cannot wear boots.
You can spit poison.
Your serpentine skin is tough (AC +1).
You have supernaturally acute eyesight.
Armour fits poorly on your strangely shaped body.
Your system is resistant to poisons.
You cover ground very slowly.


Message History

Confirm with . or Enter, or press ? or * to list all spells.
Your attacks are magically infused.
The kobold hits you but does no damage. The kobold hits you with a short sword.
You hit the worm.
The worm is almost dead.
The kobold hits you with a short sword. The worm bites you.
You hit the worm but do no damage.
The worm is almost dead.
The kobold closely misses you. The kobold barely misses you.
You completely miss the worm.
The worm is almost dead.
The worm closely misses you. The kobold hits you with a short sword.
* * * LOW HITPOINT WARNING * * *
The kobold hits you with a short sword.
* * * LOW HITPOINT WARNING * * *
You hit the worm.
The worm is almost dead.
The kobold hits you but does no damage. The kobold hits you with a short sword.
You die...

### #......# #
).♣#.## #......# #
≈≈♣≈≈..# #####'##
≈≈≈≈≈P♣.# #....#
≈≈≈≈≈.≈..# ##'#####
≈≈≈≈≈≈≈≈P# #.%)...#
≈.≈♣≈..s.####......#
P≈≈≈≈.≈KK##..'......#
.....PPw@...##......#
...(...#######......#
#.!.. #.....<# #...
#......# ### ###+###


You could see a worm, a giant cockroach and 2 kobolds.

Vanquished Creatures
  2 adders (D:2)
  A giant gecko (D:2)
  2 giant cockroaches (D:1)
  3 hobgoblins (D:1)
  4 goblins (D:1)
  4 kobolds
16 creatures vanquished.

Notes
Turn   | Place    | Note
--------------------------------------------------------------
     0 | D:1      | Piginabag, the Naga Skald, began the quest for the Orb.
     0 | D:1      | Reached XP level 1. HP: 18/18 MP: 3/3
   424 | D:1      | Reached XP level 2. HP: 25/25 MP: 0/5
   755 | D:1      | Reached skill level 1 in Armour
  1137 | D:2      | Reached skill level 1 in Dodging
  1137 | D:2      | Reached XP level 3. HP: 24/31 MP: 1/6
  1228 | D:2      | Learned a level 2 spell: Shroud of Golubria
  1232 | D:2      | Learned a level 3 spell: Spectral Weapon
  1377 | D:2      | Slain by a kobold

Action                   || total
-------------------------++-------
Melee: Spear             ||    77
 Cast: Infusion          ||    14
       Shroud of Golubri ||     1
